 Dungeon Crawl Stone Soup version 0.28-a0-1629-gf728b707aa (webtiles) character file.

Game seed: 3794054405978451515

50 Ajdolov the Skirmisher (level 3, -1/34 HPs)
             Began as a Naga Monk on Jan 24, 2022.
             Slain by Grinder (9 damage)
             ... on level 2 of the Dungeon.
             The game lasted 00:03:17 (1942 turns).

Ajdolov the Skirmisher (Naga Monk)                  Turns: 1942, Time: 00:03:17

Health: -1/34      AC:  3    Str: 13    XL:     3   Next: 79%
Magic:  5/5        EV: 10    Int: 12    God:
Gold:   84         SH:  0    Dex: 13    Spells: 5/5 levels left

rFire   + . .      SeeInvis +   a - +0 spear
rCold   + . .      Faith    .   (no shield)
rNeg    . . .      Spirit   .   b - +0 robe
rPois   +          Reflect  .   (no helmet)
rElec   .          Harm     .   h - scarf {rC+ rF+}
rCorr   .          Rampage  .   g - +0 pair of gloves
Will    .....                   (no barding)
Stlth   ++........              (no amulet)
HPRegen 0.11/turn               (no ring)
MPRegen 0.09/turn               (no ring)

@: brilliant, hasted, quick
A: AC +1, large, see invisible, deformed body, poison resistance, slowness 2,
spit poison 1, naga tail 1
a: Spit Poison


You were on level 2 of the Dungeon.
You visited 1 branch of the dungeon, and saw 3 of its levels.

You collected 84 gold pieces.

Inventory:

Hand Weapons
 a - a +0 spear (weapon)
Missiles
 n - a throwing net
Armour
 b - a +0 robe (worn)
 g - a +0 pair of gloves (worn)
 h - a scarf of resistance (worn)
Scrolls
 c - a scroll of identify {unknown}
 d - 4 scrolls of immolation {unknown}
 e - a scroll of teleportation {unknown}
 k - a scroll of fog {unknown}
 l - 2 scrolls of silence {unknown}
 m - a scroll of enchant armour {unknown}
Potions
 j - a potion of curing {unknown}


   Skills:
 + Level 3.6 Fighting
 + Level 3.5 Polearms
 - Level 2.4 Dodging
 - Level 3.0 Stealth
 + Level 1.5 Spellcasting


You had 5 spell levels left.
You didn't know any spells.
Your spell library was empty.

Dungeon Overview and Level Annotations

Branches:
Dungeon (3/15)

Altars:

Annotations:
D:2 Grinder


Innate Abilities, Weirdness & Mutations

Your serpentine skin is tough. (AC +1)
You have supernaturally acute eyesight. (SInv)
Armour fits poorly on your strangely shaped body.
Your system is resistant to poisons. (rPois)
You cover ground very slowly.
You can spit poison.
You have a snake-like lower body.


Message History

Grinder comes into view.
Found the +8 storm bow {elec, penet}.
You reach to attack!
The helpless Grinder fails to defend herself.
You hit Grinder.
Grinder is lightly wounded.
There is a stone staircase leading up here.
You hit Grinder.
Grinder is lightly wounded.
Grinder gestures at you. Pain shoots through your body!
You hit Grinder but do no damage.
Grinder is lightly wounded.
Grinder hits you but does no damage.
You barely miss Grinder.
Grinder is lightly wounded.
Grinder completely misses you.
You barely miss Grinder.
Grinder is lightly wounded.
Grinder says, "Don't move a muscle."
Grinder hits you.
You writhe in agony.
You hit Grinder.
Grinder is lightly wounded.
Grinder hits you!
* * * LOW HITPOINT WARNING * * *
You writhe in agony.
* * * LOW HITPOINT WARNING * * *
Grinder hits you but does no damage.
You climb upwards.
There is a stone staircase leading down here.
Grinder gestures at you. You resist with significant effort.
It was a potion of haste.
You feel yourself speed up. Grinder hits you but does no damage.
Okay, then.
Okay, then.
It was a potion of brilliance.
You feel clever all of a sudden. Grinder hits you!
You die...

.###..###........#.####.#####.###
.# #......#.####.#.####.# #....
.###..####### #.#......# #####
.......# ##.######## .......#
#..# .......# #.## .###...### #.#
.# #...รท.######.###
.###.....##.<...@.#
.........##.###5#.#
.........##.###.#.#
.........##.##>.#.#
.###..#####.##[##.# .# #..#
#.##.##.# .###..# #.......#
......# ####.####
......########.#


You could see Grinder.

Vanquished Creatures
  An adder (D:2)
  4 endoplasms
  3 giant cockroaches
  5 hobgoblins
  4 jackals (D:1)
  A quokka (D:1)
  6 ball pythons
  4 bats
  3 goblins
  2 kobolds
  3 rats
36 creatures vanquished.

Notes
Turn   | Place    | Note
-------+----------+-------------------------------------------
     0 | D:1      | Ajdolov the Naga Monk began the quest for the Orb.
     0 | D:1      | Reached XP level 1. HP: 21/21 MP: 1/1
    65 | D:1      | Found a faded altar of an unknown god.
   245 | D:1      | Reached XP level 2. HP: 28/28 MP: 2/2
   522 | D:1      | Reached skill level 1 in Spellcasting
   853 | D:1      | Reached XP level 3. HP: 28/34 MP: 4/4
  1928 | D:3      | Noticed Grinder
  1928 | D:3      | Found the +8 storm bow {elec, penet}
  1942 | D:2      | Slain by Grinder

Illustrated notes

Levels and vault maps discovered:
D:1:      wander_arrival_desolate, layout_loops_corners, basic_ecumenical_altar,
          minmay_pentomino_z2
D:2:      layout_loops_cross, kennysheep_boxes
D:3:      layout_loops_ring, serial_undead, serial_undead_c, serial_undead_f,
          serial_undead_e, serial_undead_d, serial_undead_f, serial_undead_e,
          serial_shops, shop_coins, minivault_14, uniq_grinder

Skill      XL: |  1  2 |
---------------+-------+-----
Spellcasting   | 1 |  1.5
Fighting       | |  3.6
Polearms       | |  3.5
Dodging        | |  2.4
Stealth        | |  3.0

Action                   || total
-------------------------++-------
Melee: Spear             ||   121
 Abil: Spit Poison       ||     1
  Use: Potion            ||     2
 Stab: Sleeping          ||    10
Armor: Robe              ||    18
Dodge: Dodged            ||    53

Table legend: (Time is in decaauts)
 A = Elapsed time spent in this place.
 B = Non-inter-level travel time spent in this place.
 C = Inter-level travel time spent in this place.
 D = Time resting spent in this place.
 E = Time spent auto-exploring this place.
 F = Levels seen in this place.
 G = Mean time per level.
                   A        B        C        D        E       F      G
               +--------+--------+--------+--------+--------+-----+--------+
         Total |   2426 |   2382 |     44 |    111 |   1937 |   3 |  808.7 |
       Dungeon |   2426 |   2382 |     44 |    111 |   1937 |   3 |  808.7 |
               +--------+--------+--------+--------+--------+-----+--------+

Top non-repeatable levels by time:
     D:1: 1394 daAuts
     D:2: 1022 daAuts
     D:3: 9 daAuts
